 Dungeon Crawl Stone Soup version 0.30.0 (webtiles) character file.

Game seed: 12159705600101187426

82 samcosmo the Sneak (level 4, -2/22 HPs)
             Began as a Spriggan Enchanter on July 3, 2023.
             Slain by a river rat (5 damage)
             ... on level 3 of the Dungeon.
             The game lasted 00:06:34 (1629 turns).

samcosmo the Sneak (Spriggan Enchanter)             Turns: 1629, Time: 00:06:35

Health: -2/22      AC:  2    Str:  4    XL:     4   Next: 21%
Magic:  7/9        EV: 17    Int: 16    God:
Gold:   100        SH:  0    Dex: 17    Spells: 3/9 levels left

rFire   . . .        a - +1 dagger
rCold   + . .        (no shield)
rNeg    + . .        b - +0 robe
rPois   .            (helmet restricted)
rElec   .            (no cloak)
rCorr   .            (gloves unavailable)
SInv    +            (boots unavailable)
Will    .....        j - amulet of faith
Stlth   +++          h - ring of positive energy
HPRegen 0.23/turn    o - ring of protection from cold
MPRegen 0.11/turn

%: faith
@: confusing by touch, very quick
A: very small, no large weapons, unfitting armour, see invisible, speed 3
a: no special abilities


You were on level 3 of the Dungeon.
You visited 1 branch of the dungeon, and saw 3 of its levels.

You collected 100 gold pieces.

Inventory:

Hand Weapons
 a - a +1 dagger (weapon)
 k - a +2 short sword of draining
 l - the +1 spear "Dautisol" {protect, Fragile rN+++ MP+9 SInv}
   (You found it on level 2 of the Dungeon)

   rN:        It renders you almost immune to negative energy.
   MP:        It affects your magic capacity (+9).
   SInv:      It lets you see invisible.
   Fragile:   It will be destroyed if unequipped.
Armour
 b - a +0 robe (worn)
Jewellery
 h - a ring of positive energy (left hand)
 j - an amulet of faith (around neck)
 o - a ring of protection from cold (right hand)
Scrolls
 d - 3 scrolls of teleportation {unknown}
 e - a scroll of torment {unknown}
 f - 2 scrolls of identify {unknown}
 g - a scroll of amnesia {unknown}
 i - a scroll of acquirement {unknown}
 m - a scroll of fog {unknown}
Potions
 c - 2 potions of invisibility
 n - a potion of haste {unknown}


   Skills:
 + Level 1.0 Fighting
 + Level 2.1 Short Blades
 - Level 2.6 Dodging
 + Level 5.1 Stealth
 + Level 3.2 Spellcasting
 * Level 4.6 Hexes


You had 3 spell levels left.
You knew the following spells:

 Your Spells              Type           Power      Damage    Failure   Level
a - Confusing Touch       Hex            17%        N/A       9%          3
b - Dazzling Flash        Conj/Hex       20%        N/A       22%         3

Your spell library contained the following spells:

 Spells                   Type           Power      Damage    Failure   Level
 Tukima's Dance           Hex            17%        N/A       9%          3
 Ensorcelled Hibernation  Hex/Ice        20%        N/A       11%         2
 Summon Small Mammal      Summ           8%         N/A       19%         1
 Summon Guardian Golem    Hex/Summ       10%        N/A       22%         3
 Lesser Beckoning         Tloc           4%         N/A       28%         2
 Static Discharge         Conj/Air       4%         2-3/arc   28%         2
 Call Canine Familiar     Summ           2%         N/A       50%         3
 Gell's Gravitas          Tloc           2%         N/A       50%         3
 Teleport Other           Tloc           2%         N/A       50%         3
 Airstrike                Air            1%         2d(1-17)  88%         4
 Summon Lightning Spire   Summ/Air       2%         N/A       88%         4


Dungeon Overview and Level Annotations

Branches:
Dungeon (3/15)

Altars:

Portals:
Sewer: D:3


Innate Abilities, Weirdness & Mutations

You are very small and have problems with some larger weapons.
You are too small for most types of armour.
You have supernaturally acute eyesight. (SInv)
You cover ground extremely quickly. (Speed+++)


Message History

Casting: Confusing Touch (quite dangerous; 9% risk of failure)
Confirm with . or Enter, or press ? or * to list all spells.
The spell is quite dangerous to miscast (9% risk of failure)!
Continue anyway? [Y]es or [N]o only, please.
The spell is quite dangerous to miscast (9% risk of failure)!
Continue anyway? [Y]es or [N]o only, please.
The spell is quite dangerous to miscast (9% risk of failure)!
Continue anyway? [Y]es or [N]o only, please.
The spell is quite dangerous to miscast (9% risk of failure)!
Continue anyway?
Your hands begin to glow red.
The endoplasm misses you. The river rat completely misses you.
You hit the river rat but do no damage. The endoplasm misses you.
You closely miss the river rat. The river rat closely misses you.
The endoplasm freezes you.
You are frozen.
You resist.
You barely miss the river rat. The river rat misses you.
The endoplasm freezes you.
You are frozen.
You resist.
You hit the river rat but do no damage. The river rat closely misses you.
The endoplasm barely misses you.
You hit the river rat but do no damage. The river rat barely misses you.
You barely miss the river rat. You punch the river rat.
The river rat is lightly wounded.
The endoplasm freezes you.
You are frozen.
You resist. The river rat bites you.
You hit the river rat but do no damage.
The river rat is lightly wounded.
The endoplasm freezes you.
You are frozen.
You resist.
The river rat bites you but does no damage.
You hit the river rat but do no damage.
The river rat is lightly wounded.
The endoplasm hits you. The river rat bites you.
* * * LOW HITPOINT WARNING * * *
You completely miss the river rat.
The river rat is lightly wounded.
The endoplasm hits you.
* * * LOW HITPOINT WARNING * * *
The river rat bites you.
You die...

.... .# ....$......#
######.##
......###.###.......#
.....##............#
w..................# #
#~≈~≈~##..........#
#.##~~≈~≈##..).......#
#.≈~.J...~~..<.##.####
#.~≈..@..≈~....# ...
...~~..r..~~....# ....
...≈~.....~~..###
.<... ...~~...~.≈~..#
.... ...##~~.~≈##..#
...$ .. #~~.≈≈##...# .
.......~..#)..
#........####...
#......!.# ....


You could see a river rat and an endoplasm.

Vanquished Creatures
  2 adders (D:2)
  A worm (D:2)
  3 dart slugs
  6 ball pythons
  4 bats
  7 endoplasms
  3 giant cockroaches
  3 goblins
  5 hobgoblins
  2 jackals (D:1)
  7 kobolds
  A quokka (D:3)
  2 frilled lizards (D:2)
  2 rats
48 creatures vanquished.

Vanquished Creatures (others)
  2 plants (D:1)
2 creatures vanquished.

Grand Total: 50 creatures vanquished

Notes
Turn   | Place    | Note
-------+----------+-------------------------------------------
     0 | D:1      | samcosmo the Spriggan Enchanter began the quest for the
                  | Orb.
     0 | D:1      | Reached XP level 1. HP: 9/9 MP: 5/5
   151 | D:1      | Reached XP level 2. HP: 13/13 MP: 6/6
   597 | D:1      | Reached XP level 3. HP: 14/17 MP: 8/8
   601 | D:1      | Learned a level 3 spell: Confusing Touch
   875 | D:2      | Learned a level 3 spell: Dazzling Flash
  1000 | D:2      | Reached skill level 5 in Stealth
  1061 | D:2      | Identified the +1 spear "Dautisol" {protect, Fragile rN+++
                  | MP+9 SInv}
  1387 | D:2      | Reached XP level 4. HP: 20/21 MP: 9/9
  1499 | D:3      | Found a glowing drain.
  1515 | D:2      | Reached skill level 1 in Fighting
  1629 | D:3      | Slain by a river rat

Illustrated notes

Levels and vault maps discovered:
D:1:      minmay_arrival_four_circles, layout_loops_ring, serial_rivers,
          chequers_serial_rivers_marsh, chequers_serial_rivers_small_a,
          chequers_serial_rivers_small_3, chequers_serial_rivers_micro_a,
          chequers_serial_rivers_small_b, chequers_serial_rivers_room_a,
          serial_bayou_pond_e
D:2:      layout_basic
D:3:      minmay_spotlight, layout_basic, cheibrodos_sewer_entry_sluice,
          uniq_natasha, uniq_robin

Skill      XL: |  1  2  3  4 |
---------------+-------------+-----
Hexes          | 4 |  4.6
Spellcasting   | 3 |  3.2
Short Blades   | 2 |  2.1
Stealth        | 5 |  5.1
Fighting       | 1 |  1.0
Dodging        | |  2.6

Action                     |  1- 3 |  4- 6 || total
---------------------------+-------+-------++-------
  Melee: Dagger            |   144 |    33 ||   177
         Punch             |       |     1 ||     1
   Cast: Confusing Touch   |     3 |     2 ||     5
   Stab: Sleeping          |    16 |     1 ||    17
         Confused          |     3 |     1 ||     4
 Armour: Robe              |     8 |     4 ||    12
  Dodge: Dodged            |    75 |    34 ||   109
